PL
CHARLESTON BATTERY @ CHICAGO SILVER SOX
08/29/2041
 
TOP OF THE 1ST
Charleston Battery batting - Pitching for Chicago Silver Sox : RHP Jay Mahabir
Pitching: RHP Jay Mahabir
Batting: LHB Rafael Urrutiz 0-0: Fly out, F6 (Popup, 56D, EV 58.1 MPH)
Batting: LHB Benno Luby 0-0: Ball
1-0: SINGLE (Line Drive, 89M, EV 110.6 MPH)
Batting: LHB Joey Coco 0-0: Ball
1-0: Ball
Passed Ball!
Benno Luby to second
2-0: Ground out 5-3 (Groundball, 56, EV 90.6 MPH)
Batting: RHB Doug Allerdale 0-0: Ball
1-0: Ground out 4-3 (Groundball, 34, EV 80.6 MPH)
Top of the 1st over - 0 runs, 1 hit, 0 errors, 1 left on base; Charleston 0 - Chicago 0
BOTTOM OF THE 1ST
Chicago Silver Sox batting - Pitching for Charleston Battery : RHP Melvin Tiburcio
Pitching: RHP Melvin Tiburcio
Batting: RHB Dejmi Dumervil 0-0: Ball
1-0: SINGLE (Groundball, 4D, EV 97.5 MPH)
Batting: RHB Manuel Ramos 0-0: Ball
1-0: Called Strike
1-1: Ball
2-1: Foul Ball, location: 2F
2-2: DOUBLE (Line Drive, 89XD, EV 108.8 MPH)
Dejmi Dumervil to third
Batting: SHB Shun Komatsu 0-0: Called Strike
0-1: Fly out, F9 (Flyball, 89M, EV 91.9 MPH)
Runner from 3rd tags up, SCORES, no throw by RF
Batting: RHB Jesús Vargas 0-0: Ball
1-0: Ball
2-0: Foul Ball, location: 2F
2-1: Ball
3-1: Foul Ball, location: 2F
3-2: Foul Ball, location: 2F
3-2: SINGLE (Groundball, 6MD, EV 99.4 MPH)
Manuel Ramos to third
Batting: RHB Amon-Ra St. Brown Balk!
Manuel Ramos scores
Jesús Vargas to second
0-0: Called Strike
0-1: Ball
1-1: Ball
2-1: Called Strike
2-2: SINGLE (Line Drive, 9S, EV 104.4 MPH)
Jesús Vargas to third
Runner from 3rd tries for Home, SAFE, throw by RF to home
Batting: RHB Fortunato Rasquinha 0-0: Ball
1-0: Ball
2-0: Ball
3-0: Fly out, F8 (Flyball, 8RM, EV 86.2 MPH)
Batting: RHB Seung-hwan Pak 0-0: Ball
1-0: Ball
2-0: Ball
3-0: Base on Balls
Amon-Ra St. Brown to second
Batting: RHB Víctor Cuevas 0-0: Fly out, F8 (Flyball, 8LM, EV 82.5 MPH)
Bottom of the 1st over - 3 runs, 4 hits, 0 errors, 2 left on base; Charleston 0 - Chicago 3
TOP OF THE 2ND
Charleston Battery batting - Pitching for Chicago Silver Sox : RHP Jay Mahabir
Batting: LHB Datu Lesaca 0-0: Called Strike
0-1: Foul Ball, location: 2F
0-2: Ball
1-2: SOLO HOME RUN (Flyball, 9D, EV 91.2 MPH), Distance : 356 ft
Batting: RHB Vesa Karpinen 0-0: Called Strike
0-1: Ball
1-1: Foul Ball, location: 2F
1-2: Strikes out swinging, 2-3 out at first.
Batting: LHB Alfonso López 0-0: Ball
1-0: Fly out, F8 (Flyball, 8LS, EV 86.9 MPH)
Batting: RHB Tomás Martí 0-0: Ball
1-0: Called Strike
1-1: Called Strike
1-2: Foul Ball, location: 2F
1-2: Ball
2-2: Ball
3-2: Base on Balls
Batting: RHB Torajiro Ogawa 0-0: Ball
1-0: Fly out, F8 (Line Drive, 8RD, EV 88.1 MPH)
Top of the 2nd over - 1 run, 1 hit, 0 errors, 1 left on base; Charleston 1 - Chicago 3
BOTTOM OF THE 2ND
Chicago Silver Sox batting - Pitching for Charleston Battery : RHP Melvin Tiburcio
Batting: RHB Estanislao Hirigoyen 0-0: Ball
1-0: SINGLE (Groundball, 56D, EV 104.4 MPH)
Batting: RHB Dejmi Dumervil 0-0: Ball
1-0: Foul Ball, location: 2F
1-1: Ball
2-1: Ball
3-1: Called Strike
3-2: Fly out, F7 (Flyball, 78D, EV 101.2 MPH)
Batting: RHB Manuel Ramos 0-0: Ball
1-0: DOUBLE (Groundball, 5L, EV 104.4 MPH)
Estanislao Hirigoyen to third
Batting: SHB Shun Komatsu 0-0: Ball
1-0: Ball
2-0: Called Strike
2-1: Ball
3-1: Called Strike
3-2: Base on Balls
Batting: RHB Jesús Vargas 0-0: Swinging Strike
0-1: Foul Ball, location: 2F
0-2: Ball
1-2: Grounds into double play, 5-4-3 (Groundball, 5, EV 81.2 MPH)
Bottom of the 2nd over - 0 runs, 2 hits, 0 errors, 2 left on base; Charleston 1 - Chicago 3
TOP OF THE 3RD
Charleston Battery batting - Pitching for Chicago Silver Sox : RHP Jay Mahabir
Batting: LHB Rafael Urrutiz 0-0: Called Strike
0-1: Ball
1-1: SINGLE (Groundball, 4MD, EV 99.4 MPH)
Batting: LHB Benno Luby 0-0: Ball
1-0: Ball
2-0: Foul Ball, location: 2F
2-1: Ground out 3-1 (Groundball, 34S, EV 63.1 MPH)
Rafael Urrutiz to second
Batting: LHB Joey Coco 0-0: SINGLE (Groundball, 4MD, EV 102.5 MPH)
Rafael Urrutiz to third
Runner from 3rd tries for Home, throw by CF and OUT! 8-2
Batting: RHB Doug Allerdale 0-0: Ball
1-0: Ball
2-0: Foul Ball, location: 2F
2-1: Ball
3-1: Foul Ball, location: 2F
3-2: Foul Ball, location: 2F
3-2: Strikes out swinging
Top of the 3rd over - 0 runs, 2 hits, 0 errors, 1 left on base; Charleston 1 - Chicago 3
BOTTOM OF THE 3RD
Chicago Silver Sox batting - Pitching for Charleston Battery : RHP Melvin Tiburcio
Batting: RHB Amon-Ra St. Brown 0-0: Ball
1-0: Ball
2-0: Called Strike
2-1: Ground out 6-3 (Groundball, 6, EV 81.2 MPH)
Batting: RHB Fortunato Rasquinha 0-0: Called Strike
0-1: Swinging Strike
0-2: Strikes out looking
Batting: RHB Seung-hwan Pak 0-0: Fly out, F9 (Flyball, 9D, EV 90.6 MPH)
Bottom of the 3rd over - 0 runs, 0 hits, 0 errors, 0 left on base; Charleston 1 - Chicago 3
TOP OF THE 4TH
Charleston Battery batting - Pitching for Chicago Silver Sox : RHP Jay Mahabir
Batting: LHB Datu Lesaca 0-0: Ball
1-0: Ball
2-0: Swinging Strike
2-1: Fly out, F8 (Flyball, 8LS, EV 86.9 MPH)
Batting: RHB Vesa Karpinen 0-0: Swinging Strike
0-1: Swinging Strike
0-2: Ball
1-2: Foul Ball, location: 2F
1-2: Foul Ball, location: 2F
1-2: Ball
2-2: SINGLE (Line Drive, 78M, EV 108.8 MPH)
Batting: LHB Alfonso López 0-0: Called Strike
0-1: Ball
1-1: Called Strike
1-2: Ball
2-2: Strikes out swinging
Batting: RHB Tomás Martí 0-0: Ball
Vesa Karpinen steals 2nd base
1-0: Called Strike
1-1: Ball
2-1: Ball
3-1: Base on Balls
Batting: RHB Torajiro Ogawa 0-0: Foul Ball, location: 2F
0-1: Ball
1-1: Foul Ball, location: 2F
1-2: Strikes out swinging
Top of the 4th over - 0 runs, 1 hit, 0 errors, 2 left on base; Charleston 1 - Chicago 3
BOTTOM OF THE 4TH
Chicago Silver Sox batting - Pitching for Charleston Battery : RHP Melvin Tiburcio
Batting: RHB Víctor Cuevas 0-0: Ball
1-0: Ball
2-0: Ball
3-0: Base on Balls
Batting: RHB Estanislao Hirigoyen 0-0: Ball
1-0: Foul Ball, location: 2F
1-1: Foul Ball, location: 2F
1-2: Ball
2-2: Foul Ball, location: 2F
2-2: SINGLE (Line Drive, 6D, EV 99.4 MPH)
Víctor Cuevas to second
Runner from 2nd tries for 3rd, OUT! 8-5
Batting: RHB Dejmi Dumervil 0-0: Ball
1-0: Ball
2-0: Called Strike
2-1: Ball
3-1: Base on Balls
Estanislao Hirigoyen to second
Batting: RHB Manuel Ramos 0-0: Grounds into double play, 5-4-3 (Groundball, 56S, EV 83.1 MPH)
Bottom of the 4th over - 0 runs, 1 hit, 0 errors, 1 left on base; Charleston 1 - Chicago 3
TOP OF THE 5TH
Charleston Battery batting - Pitching for Chicago Silver Sox : RHP Jay Mahabir
Batting: LHB Rafael Urrutiz 0-0: Swinging Strike
0-1: Swinging Strike
0-2: Strikes out swinging
Batting: LHB Benno Luby 0-0: Called Strike
0-1: SOLO HOME RUN (Flyball, 9D, EV 112.5 MPH), Distance : 376 ft
Batting: LHB Joey Coco 0-0: Ball
1-0: Fly out, F8 (Line Drive, 8LD, EV 88.8 MPH)
Batting: RHB Doug Allerdale 0-0: Called Strike
0-1: Ball
1-1: Ball
2-1: Ball
3-1: Foul Ball, location: 2F
3-2: Base on Balls
Batting: LHB Datu Lesaca 0-0: Foul Ball, location: 2F
0-1: Ball
1-1: Foul Ball, location: 2F
1-2: Ball
2-2: Fly out, F7 (Line Drive, 7, EV 102.5 MPH)
Top of the 5th over - 1 run, 1 hit, 0 errors, 1 left on base; Charleston 2 - Chicago 3
BOTTOM OF THE 5TH
Chicago Silver Sox batting - Pitching for Charleston Battery : RHP Melvin Tiburcio
Batting: SHB Shun Komatsu 0-0: Ground out U3 (Groundball, 3, EV 92.5 MPH)
Batting: RHB Jesús Vargas 0-0: Ball
1-0: Called Strike
1-1: Foul Ball, location: 2F
1-2: Ball
2-2: Ball
3-2: Base on Balls
Batting: RHB Amon-Ra St. Brown 0-0: Called Strike
Jesús Vargas steals 2nd base
0-1: Ball
1-1: Foul Ball, location: 2F
1-2: Ground out 4-3 (Groundball, 4M, EV 101.9 MPH)
Jesús Vargas to third
Batting: RHB Fortunato Rasquinha 0-0: Ball
1-0: Called Strike
1-1: Fly out, F7 (Flyball, 78M, EV 91.9 MPH)
Bottom of the 5th over - 0 runs, 0 hits, 0 errors, 1 left on base; Charleston 2 - Chicago 3
TOP OF THE 6TH
Charleston Battery batting - Pitching for Chicago Silver Sox : RHP Jay Mahabir
Batting: RHB Vesa Karpinen 0-0: Swinging Strike
0-1: Ball
1-1: Ball
2-1: Foul Ball, location: 2F
2-2: Strikes out swinging
Batting: LHB Alfonso López 0-0: Foul Ball, location: 2F
0-1: Ball
1-1: Foul Ball, location: 2F
1-2: Foul Ball, location: 2F
1-2: SINGLE (Line Drive, 6MD, EV 95.6 MPH)
Pitching: LHP Héctor Cantú
Batting: RHB Tomás Martí 0-0: Ball
1-0: Swinging Strike
1-1: Foul Ball, location: 2F
1-2: Fielders Choice at 2nd, 3-6 (Groundball, 34, EV 81.2 MPH)
Batting: RHB Torajiro Ogawa 0-0: Called Strike
0-1: Foul Ball, location: 2F
0-2: Strikes out swinging
Top of the 6th over - 0 runs, 1 hit, 0 errors, 1 left on base; Charleston 2 - Chicago 3
BOTTOM OF THE 6TH
Chicago Silver Sox batting - Pitching for Charleston Battery : RHP Melvin Tiburcio
Batting: RHB Seung-hwan Pak 0-0: Called Strike
0-1: Swinging Strike
0-2: Strikes out swinging
Batting: RHB Víctor Cuevas 0-0: Ball
1-0: Foul Ball, location: 2F
1-1: Foul Ball, location: 2F
1-2: Ball
2-2: Foul Ball, location: 2F
2-2: Ball
3-2: DOUBLE (Flyball, 8RXD, EV 94.4 MPH)
Pitching: RHP Masaharu Sakata
Batting: RHB Estanislao Hirigoyen 0-0: Ball
1-0: Fly out, F6 (Popup, 6MS, EV 64.4 MPH)
Batting: RHB Dejmi Dumervil 0-0: Called Strike
0-1: Swinging Strike
0-2: Hit by Pitch
Batting: RHB Manuel Ramos 0-0: Called Strike
0-1: Fly out, F8 (Line Drive, 8RD, EV 93.1 MPH)
Bottom of the 6th over - 0 runs, 1 hit, 0 errors, 2 left on base; Charleston 2 - Chicago 3
TOP OF THE 7TH
Charleston Battery batting - Pitching for Chicago Silver Sox : LHP Héctor Cantú
Batting: LHB Rafael Urrutiz 0-0: SINGLE (Groundball, 5D, EV 110.0 MPH)
Batting: LHB Benno Luby 0-0: Called Strike
0-1: Ball
1-1: Ball
2-1: Foul Ball, location: 2F
2-2: Ball
3-2: Base on Balls
Rafael Urrutiz to second
Batting: LHB Joey Coco 0-0: Called Strike
0-1: Ball
1-1: Foul Ball, location: 2F
1-2: Fly out, F8 (Flyball, 89D, EV 92.5 MPH)
Runner from 2nd tags up, SAFE at 3rd, no throw by CF
Batting: RHB Doug Allerdale 0-0: Ball
1-0: Called Strike
1-1: Swinging Strike
1-2: Strikes out swinging
Batting: LHB Datu Lesaca 0-0: Ball
1-0: Called Strike
Benno Luby steals 2nd base
1-1: TRIPLE (Flyball, 89XD, EV 94.4 MPH)
Rafael Urrutiz scores
Benno Luby scores
Batting: RHB Vesa Karpinen 0-0: Ball
1-0: Called Strike
1-1: Ball
2-1: Foul Ball, location: 2F
2-2: Ball
3-2: Foul Ball, location: 2F
3-2: Base on Balls
Batting: LHB Alfonso López 0-0: Called Strike
0-1: Swinging Strike
0-2: Foul Ball, location: 2F
0-2: Foul Ball, location: 2F
0-2: Ball
1-2: Ball
2-2: Strikes out looking
Top of the 7th over - 2 runs, 2 hits, 0 errors, 2 left on base; Charleston 4 - Chicago 3
BOTTOM OF THE 7TH
Chicago Silver Sox batting - Pitching for Charleston Battery : RHP Masaharu Sakata
Batting: SHB Shun Komatsu 0-0: Fly out, F6 (Popup, 6M, EV 63.1 MPH)
Batting: RHB Jesús Vargas 0-0: Called Strike
0-1: Swinging Strike
0-2: Ball
1-2: Foul Ball, location: 2F
1-2: Foul Ball, location: 2F
1-2: Ground out U3 (Groundball, 34, EV 101.2 MPH)
Batting: RHB Amon-Ra St. Brown 0-0: SINGLE (Line Drive, 56, EV 106.2 MPH)
Batting: RHB Fortunato Rasquinha 0-0: Called Strike
0-1: Swinging Strike
0-2: Ball
1-2: Ball
2-2: Foul Ball, location: 2F
2-2: Foul Ball, location: 2F
2-2: Foul Ball, location: 2F
2-2: Ball
3-2: Base on Balls
Amon-Ra St. Brown to second
Pinch Hitting: LHB Larry McLambroch 0-0: Ball
1-0: Ground out 3-1 (Groundball, 34, EV 102.5 MPH)
Bottom of the 7th over - 0 runs, 1 hit, 0 errors, 2 left on base; Charleston 4 - Chicago 3
TOP OF THE 8TH
Charleston Battery batting - Pitching for Chicago Silver Sox : LHP Héctor Cantú
Now at 1B: Larry McLambroch
Batting: RHB Tomás Martí 0-0: Ground out 6-3 (Groundball, 6, EV 87.5 MPH)
Batting: RHB Torajiro Ogawa 0-0: Ground out 4-3 (Groundball, 4S, EV 75.0 MPH)
Batting: LHB Rafael Urrutiz 0-0: Ball
1-0: Swinging Strike
1-1: Ball
2-1: Swinging Strike
2-2: Fly out, F8 (Flyball, 8RM, EV 81.9 MPH)
Top of the 8th over - 0 runs, 0 hits, 0 errors, 0 left on base; Charleston 4 - Chicago 3
BOTTOM OF THE 8TH
Chicago Silver Sox batting - Pitching for Charleston Battery : RHP Masaharu Sakata
Batting: RHB Víctor Cuevas 0-0: Ball
1-0: Called Strike
1-1: Fly out, F2 (Popup, 2LF, EV 90.0 MPH)
Batting: RHB Estanislao Hirigoyen 0-0: Ball
1-0: Swinging Strike
1-1: Ball
2-1: Swinging Strike
2-2: Foul Ball, location: 2F
2-2: Foul Ball, location: 2F
2-2: Ball
3-2: Strikes out looking
Batting: RHB Dejmi Dumervil 0-0: Ball
1-0: Foul Ball, location: 2F
1-1: Ground out 4-3 (Groundball, 34, EV 105.0 MPH)
Bottom of the 8th over - 0 runs, 0 hits, 0 errors, 0 left on base; Charleston 4 - Chicago 3
TOP OF THE 9TH
Charleston Battery batting - Pitching for Chicago Silver Sox : LHP Héctor Cantú
Pitching: RHP Tate Beason
Batting: LHB Benno Luby 0-0: Ball
1-0: Swinging Strike
1-1: Ball
2-1: Foul Ball, location: 2F
2-2: Ball
3-2: Fly out, F7 (Flyball, 7LDF, EV 111.9 MPH)
Batting: LHB Joey Coco 0-0: Ball
1-0: Ball
2-0: Ball
3-0: Fly out, F8 (Flyball, 8LD, EV 88.1 MPH)
Batting: RHB Doug Allerdale 0-0: Ball
1-0: Foul Ball, location: 2F
1-1: Ball
2-1: Fly out, F7 (Flyball, 78S, EV 76.2 MPH)
Top of the 9th over - 0 runs, 0 hits, 0 errors, 0 left on base; Charleston 4 - Chicago 3
BOTTOM OF THE 9TH
Chicago Silver Sox batting - Pitching for Charleston Battery : RHP Masaharu Sakata
Pitching: RHP Branlyn Jaraba
Batting: RHB Manuel Ramos 0-0: Ball
1-0: Ground out 1-3 (Groundball, 34S, EV 88.8 MPH)
Batting: SHB Shun Komatsu 0-0: Called Strike
0-1: Swinging Strike
0-2: Strikes out swinging
Batting: RHB Jesús Vargas 0-0: Foul Ball, location: 2F
0-1: Foul Ball, location: 2F
0-2: Ball
1-2: Foul Ball, location: 2F
1-2: Ball
2-2: Ground out 1-3 (Groundball, 25, EV 68.1 MPH)
Bottom of the 9th over - 0 runs, 0 hits, 0 errors, 0 left on base; Charleston 4 - Chicago 3
Tuesday, January 5th, 2021 - OOTP Baseball 20.8 Build 74